 Dungeon Crawl Stone Soup version 0.23-a0-481-g60b89c1 (webtiles) character file.

121 Leeroy the Charmwright (level 5, -1/43 HPs)
             Began as a Gnoll Skald on Nov 29, 2018.
             Slain by Terence
             ... wielding a +1 flail of distortion
              (7 damage)
             ... on level 2 of the Dungeon.
             The game lasted 00:30:12 (2899 turns).

Leeroy the Charmwright (Gnoll Skald)                Turns: 2899, Time: 00:30:13

Health: -1/43      AC: 12    Str: 13    XL:     5   Next: 5%
Magic:  12/12      EV: 10    Int: 16    God:
Gold:   238        SH:  0    Dex: 15    Spells: 3/14 levels left

rFire    x . .     SeeInvis .   L - +2 dagger (drain)
rCold    + + .     Gourm    .   (no shield)
rNeg     . . .     Faith    .   t - +0 ice dragon scales
rPois    .         Spirit   .   (no helmet)
rElec    .         Reflect  .   y - +0 cloak
rCorr    .         Harm     .   G - +0 pair of gloves
MR       .....                  (no boots)
Stlth    ..........             (no amulet)
HPRegen  0.14/turn              (no ring)
MPRegen  0.13/turn              (no ring)

@: drained
A: distributed training, fangs 1, strong nose
a: no special abilities


You were on level 2 of the Dungeon.
You were not hungry.

You visited 1 branch of the dungeon, and saw 3 of its levels.

You collected 238 gold pieces.

Inventory:

Hand Weapons
 a - a +0 falchion
 j - a +0 dagger
 m - a +0 club
 n - a +0 mace
 o - a +0 club
 p - a +0 dagger
 u - a +0 dagger
 w - a +0 falchion
 z - a +0 club
 A - a +0 flail
 C - a +0 spear
 D - a +0 dagger
 H - a cursed -1 whip
 J - a +0 club
 K - a +0 hunting sling
 L - a +2 dagger of draining (weapon)
 M - a +0 dagger
 N - a +0 short sword
 O - a +0 dagger
 P - a +0 dagger
Missiles
 e - 40 arrows
 f - 62 stones
 g - 13 poisoned needles
 r - 2 tomahawks (quivered)
Armour
 b - a +0 leather armour
 c - a +0 leather armour
 l - a +0 pair of gloves
 s - a +0 ring mail
 t - +0 ice dragon scales (worn)
 v - a +0 robe
 x - a +0 robe
 y - a +0 cloak (worn)
 B - a +0 ring mail
 F - a +0 scale mail
 G - a +0 pair of gloves (worn)
Scrolls
 h - 3 scrolls of remove curse {unknown}
 i - 3 scrolls of immolation {unknown}
 k - 4 scrolls of identify {unknown}
 Q - a scroll of enchant armour {unknown}
Comestibles
 d - 6 rations


   Skills:
 + Level 4.7(4.3) Fighting
 + Level 1.3(0.9) Short Blades
 + Level 4.7(4.3) Long Blades
 + Level 1.3(0.9) Axes
 + Level 1.3(0.9) Maces & Flails
 + Level 1.3(0.9) Polearms
 + Level 1.3(0.9) Staves
 + Level 1.3(0.9) Slings
 + Level 1.3(0.9) Bows
 + Level 1.3(0.9) Crossbows
 + Level 1.3(0.9) Throwing
 + Level 2.8(2.5) Armour
 + Level 4.7(4.3) Dodging
 + Level 1.3(0.9) Stealth
 + Level 1.3(0.9) Shields
 + Level 1.3(0.9) Unarmed Combat
 + Level 5.1(4.7) Spellcasting
 + Level 1.0(0.7) Conjurations
 + Level 1.0(0.7) Hexes
 + Level 5.5(5.1) Charms
 + Level 1.0(0.7) Summonings
 + Level 1.0(0.7) Necromancy
 + Level 1.0(0.7) Translocations
 + Level 1.0(0.7) Transmutations
 + Level 1.0(0.7) Fire Magic
 + Level 1.0(0.7) Ice Magic
 + Level 1.0(0.7) Air Magic
 + Level 1.0(0.7) Earth Magic
 + Level 1.0(0.7) Poison Magic
 + Level 1.4(1.1) Invocations
 + Level 1.3(0.9) Evocations


You had 3 spell levels left.
You knew the following spells:

 Your Spells              Type           Power        Failure   Level  Hunger
a - Infusion              Chrm           ###.         12%         1    None
b - Song of Slaying       Chrm           ###.....     19%         2    ##.....
c - Shroud of Golubria    Chrm/Tloc      ##........   41%         2    ##.....
d - Spectral Weapon       Hex/Chrm       ##......     65%         3    ###....
e - Regeneration          Chrm/Necr      ##........   65%         3    ###....

Your spell library contained the following spells:

 Spells                   Type           Power        Failure   Level  Hunger


Dungeon Overview and Level Annotations

Branches:
Dungeon (3/15)

Altars:
Wu Jian

Annotations:
D:2 Jessica, Terence


Innate Abilities, Weirdness & Mutations

Your experience applies equally to all skills.
You have very sharp teeth.
Your uncanny sense of smell can sniff out nearby items.


Message History

Your roots penetrate the ground.
Terence hits you but does no damage.
You feel a strange sense of stasis.
Okay, then.
There is a stone staircase leading down here.
There is a stone staircase leading down here.
It was a potion of brilliance.
You feel clever all of a sudden. Terence hits you but does no damage.
You feel a strange sense of stasis.
It was a potion of cancellation.
Your magical effects are unravelling.
You feel magically purged.
You feel less wooden.
Your +0 cloak unmelds from your body.
Your +0 pair of gloves unmelds from your body.
Your +0 ice dragon scales unmelds from your body.
You feel a little less clever now.
Terence hits you with a +1 flail of distortion.
* * * LOW HITPOINT WARNING * * *
Space bends around you.
You die...

......................#
..............(.......#+
.................##.....
......#'###......##.....
.........).......##.....
.................##.....
######...(.......#......
##..@........#......
#..@...#######.....>
#.#....# #...###
#.#....# #...# #.######
##### #. ########
#....... #.######
#.#..... #.#.####


You could see Terence.

Vanquished Creatures
  An orc wizard (D:3)
  3 adders
  3 worms
  3 dart slugs
  2 leopard geckos
  5 orcs (D:3)
  2 giant cockroaches
  4 goblins
  3 hobgoblins
  8 kobolds
  2 quokkas (D:3)
  5 bats
  3 frilled lizards
  8 rats
  A bush (D:3)
  A fungus (D:3)
  A plant (D:3)
55 creatures vanquished.

Vanquished Creatures (others)
  A plant (D:3)
  4 toadstools (D:3)
5 creatures vanquished.

Grand Total: 60 creatures vanquished

Notes
Turn   | Place    | Note
-------+----------+-------------------------------------------
     0 | D:1      | Leeroy the Gnoll Skald began the quest for the Orb.
     0 | D:1      | Reached XP level 1. HP: 20/20 MP: 6/6
   175 | D:1      | Reached XP level 2. HP: 25/26 MP: 7/7
   195 | D:1      | Learned a level 2 spell: Song of Slaying
   198 | D:1      | Learned a level 2 spell: Shroud of Golubria
   889 | D:2      | Reached XP level 3. HP: 22/31 MP: 9/9
   993 | D:2      | Reached skill level 5 in Spellcasting
  1011 | D:2      | Noticed Terence
  1081 | D:3      | Reached skill level 1 in Invocations
  1098 | D:3      | Reached skill level 1 in Short Blades
  1098 | D:3      | Reached skill level 1 in Axes
  1098 | D:3      | Reached skill level 1 in Maces & Flails
  1098 | D:3      | Reached skill level 1 in Polearms
  1098 | D:3      | Reached skill level 1 in Staves
  1098 | D:3      | Reached skill level 1 in Slings
  1098 | D:3      | Reached skill level 1 in Bows
  1098 | D:3      | Reached skill level 1 in Crossbows
  1098 | D:3      | Reached skill level 1 in Throwing
  1098 | D:3      | Reached skill level 1 in Stealth
  1098 | D:3      | Reached skill level 1 in Shields
  1098 | D:3      | Reached skill level 1 in Unarmed Combat
  1098 | D:3      | Reached skill level 1 in Evocations
  1098 | D:3      | Reached XP level 4. HP: 24/38 MP: 11/11
  1248 | D:3      | Found an ornate altar of the Wu Jian Council.
  1612 | D:3      | Reached skill level 1 in Conjurations
  1612 | D:3      | Reached skill level 1 in Hexes
  1612 | D:3      | Reached skill level 1 in Summonings
  1612 | D:3      | Reached skill level 1 in Necromancy
  1612 | D:3      | Reached skill level 1 in Translocations
  1612 | D:3      | Reached skill level 1 in Transmutations
  1612 | D:3      | Reached skill level 1 in Fire Magic
  1612 | D:3      | Reached skill level 1 in Ice Magic
  1612 | D:3      | Reached skill level 1 in Air Magic
  1612 | D:3      | Reached skill level 1 in Earth Magic
  1612 | D:3      | Reached skill level 1 in Poison Magic
  2467 | D:3      | Learned a level 3 spell: Spectral Weapon
  2471 | D:3      | Learned a level 3 spell: Regeneration
  2622 | D:2      | Reached XP level 5. HP: 43/43 MP: 12/12
  2766 | D:2      | Noticed Jessica
  2899 | D:2      | Slain by Terence

Vault maps used:
D:1:      co_arrival_two_rings
D:2:      first_ration, xom_redecorated, uniq_sigmund, uniq_terence, uniq_robin,
          uniq_jessica
D:3:      lemuel_coloured_pillars_altar, minmay_gold_behind_fungi,
          lexackson_kobold_supper

Skill      XL: |  1  2  3  4 |
---------------+-------------+-----
Spellcasting   | 5 |  5.1
Invocations    | 1 |  1.4
Short Blades   | 1 |  1.3
Axes           | 1 |  1.3
Maces & Flails | 1 |  1.3
Polearms       | 1 |  1.3
Staves         | 1 |  1.3
Slings         | 1 |  1.3
Bows           | 1 |  1.3
Crossbows      | 1 |  1.3
Throwing       | 1 |  1.3
Stealth        | 1 |  1.3
Shields        | 1 |  1.3
Unarmed Combat | 1 |  1.3
Evocations     | 1 |  1.3
Conjurations   | 1 |  1.0
Hexes          | 1 |  1.0
Summonings     | 1 |  1.0
Necromancy     | 1 |  1.0
Translocations | 1 |  1.0
Transmutations | 1 |  1.0
Fire Magic     | 1 |  1.0
Ice Magic      | 1 |  1.0
Air Magic      | 1 |  1.0
Earth Magic    | 1 |  1.0
Poison Magic   | 1 |  1.0
Fighting       | |  4.7
Long Blades    | |  4.7
Armour         | |  2.8
Dodging        | |  4.7
Charms         | |  5.5

Action                   |  1- 3 |  4- 6 || total
-------------------------+-------+-------++-------
Melee: Falchion          |    58 |   379 ||   437
       Dagger            |     6 |     5 ||    11
       Bite              |     9 |    69 ||    78
Throw: Stone             |       |    11 ||    11
       Tomahawk          |       |     2 ||     2
 Cast: Infusion          |     1 |     1 ||     2
       Song of Slaying   |     1 |     1 ||     2
  Use: Potion            |     3 |     5 ||     8
 Stab: Sleeping          |     1 |       ||     1
  Eat: Chunk             |       |     7 ||     7
Armor: Leather armour    |    16 |       ||    16
       Ring mail         |     1 |     6 ||     7
       Scale mail        |       |    17 ||    17
       Ice dragon scales |       |    20 ||    20
       Skin              |       |     2 ||     2
Dodge: Dodged            |    37 |    66 ||   103
       Rpst.: Falchion   |    12 |    21 ||    33

Table legend:
 A = Non-vault XP
 B = Vault XP
 C = Vault XP percentage of total XP
 D = Non-vault monster count
 E = Vault monster count
 F = Vault count percentage of total count
                 A         B        C        D         E       F
            +---------+---------+-------+---------+---------+-------
      Total |     162 |      12 |   6.9 |      44 |       8 |  15.4
            +---------+---------+-------+---------+---------+-------
        D:1 |      20 |       0 |   0.0 |      12 |       0 |   0.0
        D:2 |      35 |       0 |   0.0 |      11 |       0 |   0.0
        D:3 |     107 |      12 |  10.1 |      21 |       8 |  27.6
            +---------+---------+-------+---------+---------+-------
